 Dungeon Crawl Stone Soup version 0.22-a0-410-g97be04f (webtiles) character file.

12103 4thArraOfDagon the Severer (level 11, -5/102 HPs)
             Began as a Minotaur Fighter on May 11, 2018.
             Was a Priest of the Shining One.
             Slain by a hornet (12 damage)
             ... while paralysed by a hornet
             ... on level 11 of the Dungeon.
             The game lasted 00:19:02 (3261 turns).

4thArraOfDagon the Severer (Minotaur Fighter)       Turns: 3261, Time: 00:19:03

Health: -5/102     AC:  8    Str: 23    XL:     11   Next: 58%
Magic:  15/15      EV:  2    Int:  8    God:    the Shining One [***...]
Gold:   204        SH:  0    Dex: 11    Spells: 10/10 levels left

rFire    . . .     SeeInvis .   u - +2 battleaxe (flame)
rCold    . . .     Gourm    .   (shield currently unavailable)
rNeg     + . .     Faith    +   y - +0 troll leather armour
rPois    .         Spirit   .   (helmet restricted)
rElec    .         Reflect  .   (no cloak)
rCorr    .         Harm     .   p - +1 pair of gloves
MR       .....                  v - +0 pair of boots
Stlth    +.........             n - amulet of faith
HPRegen  0.67/turn              z - +2 ring of slaying
MPRegen  0.14/turn              M - +3 ring of intelligence

@: paralysed, glowing
A: retaliatory headbutt, horns 2
a: Divine Shield, Renounce Religion


You were on level 11 of the Dungeon.
You worshipped the Shining One.
The Shining One was most pleased with you.
You were not hungry.

You visited 2 branches of the dungeon, and saw 12 of its levels.
You also visited: Labyrinth.

You collected 450 gold pieces.
You spent 246 gold pieces at shops.

Inventory:

Hand Weapons
 a - a +1 war axe
 u - a +2 battleaxe of flaming (weapon)
 E - the +6 morningstar of Wyrd {crush, *Rage rC+ Str+4 Dex+6}
   (You found it on level 9 of the Dungeon)

   It inflicts extra damage upon your enemies.
   It affects your strength (+4).
   It affects your dexterity (+6).
   It protects you from cold.
   It may make you go berserk in combat.
Armour
 b - a +0 scale mail
 c - a +0 plate armour
 p - a +1 pair of gloves (worn)
 v - a +0 pair of boots (worn)
 y - a +0 troll leather armour (worn)
 A - a +3 chain mail of fire resistance
 I - the +2 robe of Dyssaen {+Fly Int+4, unknown}
   (You found it in a labyrinth)

   It affects your intelligence (+4).
   It lets you fly.
Magical Staves
 h - a cursed staff of wizardry {unknown}
 C - an uncursed staff of air {unknown}
 D - a cursed staff of summoning {unknown}
Jewellery
 n - an amulet of faith (around neck)
 z - a +2 ring of slaying (left hand)
 B - the ring of Touwn {Fire SInv}
   (You found it in a labyrinth)

   [ring of fire]

   It enhances your fire magic.
   It protects you from fire.
   It makes you vulnerable to cold.
   It lets you see invisible.
 K - an uncursed amulet of the acrobat {unknown}
 M - a +3 ring of intelligence (right hand)
Wands
 t - a wand of flame (51)
 G - a wand of iceblast (14)
 H - a wand of polymorph (15)
 J - a wand of clouds (4)
Scrolls
 e - a scroll of noise {unknown}
 g - 3 scrolls of identify {unknown}
 i - 2 scrolls of teleportation
 k - a scroll of remove curse
 l - a scroll of enchant armour
 m - 2 scrolls of amnesia
 o - 3 scrolls of immolation
 q - a scroll of acquirement {unknown}
 s - a scroll of blinking {unknown}
 N - a scroll of magic mapping
Potions
 d - a potion of might
 j - a potion of agility {unknown}
 r - a potion of haste
 w - a potion of degeneration
 x - a potion of ambrosia
Miscellaneous
 F - a lamp of fire (inert)
Comestibles
 f - 19 rations
 L - a chunk of flesh


   Skills:
 + Level 11.5 Fighting
 * Level 15.1 Axes
 - Level 7.3 Armour
   Level 3.6 Shields
 + Level 7.5 Invocations


You had 10 spell levels left.
You didn't know any spells.

Dungeon Overview and Level Annotations

Branches:
Dungeon (11/15)            Temple (1/1) D:7
   Lair: D:8-11         Orc: D:9-12

Altars:
Ashenzari
Cheibriados
Dithmenos
Fedhas
Gozag
Hepliaklqana
Kikubaaqudgha
Qazlal
Ru
Vehumet
Wu Jian
Xom
Yredelemnul
Zin
The Shining One

Shops:
D:7 (   D:9 ?

Annotations:
D:5 exclusion: statue


Innate Abilities, Weirdness & Mutations

You reflexively headbutt those who attack you in melee.
You have a pair of horns on your head.


Message History

Unknown command.
You see here a leather armour.
Unknown command.
Unknown command.
Okay, then.
As you read the scroll of teleportation, it crumbles to dust.
You feel strangely unstable.
Unknown command.
Unknown command.
Your surroundings suddenly seem different.
A hornet comes into view.
The hornet buzzes angrily.
Unknown command.
You closely miss the hornet. You headbutt the hornet.
The hornet is lightly wounded.
The hornet closely misses you. The hornet stings you!
* * * LOW HITPOINT WARNING * * *
You suddenly lose the ability to move!
The hornet stings you!
You die...

.#.))(###............#.#
...##.# ###.##.......#.#
(####.#** #.)#...[...#,*******
(.# #..,**##.######....,,,,,,*
[## ###.,.*#..########.,,,,,,*
..###**##..#........#***,,,,,*
<#.....,,...........# *,,,,,*
..#####****#........# *,,,,,*
.## #....@y..# *,,,,,* ..#
#........# *,,,,,* .##
#........# ******* ..#
########## .## ..# .## ..# .##


You could see a hornet.

Vanquished Creatures
  A minotaur (Lab)
  A centaur warrior (D:11)
  A two-headed ogre (D:11)
  Nergalle (D:11)
  A cyclops (D:11)
  4 ugly things (D:11)
  2 centaur skeletons (D:11)
  A slime creature (D:9)
  A hippogriff (D:9)
  2 redbacks (Lab)
  A wyvern (D:9)
  17 yaks
  2 hungry ghosts
  A black bear (D:7)
  5 orc warriors
  2 ice beasts
  A necrophage (D:11)
  5 ogres
  A phantom (D:11)
  6 centaurs (D:11)
  3 big kobolds (D:9)
  4 bullfrogs
  4 scorpions
  4 howler monkeys
  2 crimson imps (D:9)
  A centaur zombie (D:5)
  A bullfrog zombie (D:9)
  5 hounds
  2 jellies
  4 orc priests
  3 orc wizards (D:9)
  A bullfrog skeleton (D:11)
  2 iguanas
  7 worker ants
  A hound skeleton (D:7)
  2 worker ant zombies
  A gnoll (D:4)
  5 adders
  A howler monkey skeleton (D:4)
  An adder zombie (D:9)
  A worm (D:5)
  A dart slug (D:1)
  3 leopard geckos
  11 orcs
  3 giant cockroaches
  2 goblins
  3 hobgoblins
  6 jackals
  4 quokkas
  A ball python (D:3)
  A bat (D:3)
  6 kobolds
  A quokka skeleton (D:4)
  A rat (D:1)
154 creatures vanquished.

Notes
Turn   | Place    | Note
-------+----------+-------------------------------------------
     0 | D:1      | 4thArraOfDagon the Minotaur Fighter began the quest for the Orb.
     0 | D:1      | Reached XP level 1. HP: 19/19 MP: 0/0
     0 | D:1      | p0werm0de: the discord channel is pretty active btw guys
     6 | D:1      | p0werm0de: :P
    62 | D:2      | p0werm0de: ppl sure'd be happy if 4thArra the legend showed up occassionally
    87 | D:2      | Reached skill level 3 in Axes
    87 | D:2      | Reached XP level 2. HP: 26/27 MP: 1/1
   138 | D:3      | p0werm0de: https://discord.gg/P8hjUE
   144 | D:3      | p0werm0de: :>
   187 | D:3      | :O
   194 | D:3      | Reached XP level 3. HP: 18/33 MP: 2/2
   305 | D:4      | Reached skill level 4 in Axes
   339 | D:5      | Entered Level 5 of the Dungeon
   339 | D:5      | Noticed a centaur
   405 | D:4      | Reached XP level 4. HP: 28/40 MP: 3/3
   418 | D:4      | Noticed an ogre
   424 | D:4      | Killed an ogre
   424 | D:4      | Reached skill level 5 in Axes
   424 | D:4      | Reached XP level 5. HP: 12/47 MP: 4/4
   450 | D:4      | Reached skill level 5 in Fighting
   450 | D:4      | Reached skill level 5 in Armour
   527 | D:4      | WO
   601 | D:5      | Reached XP level 6. HP: 36/56 MP: 5/5
   751 | D:5      | Reached skill level 6 in Axes
   765 | D:5      | Reached XP level 7. HP: 29/62 MP: 6/6
   829 | D:5      | Found a radiant altar of Vehumet.
   851 | D:6      | Reached skill level 7 in Axes
  1125 | D:7      | Found a staircase to the Ecumenical Temple.
  1131 | Temple   | Entered the Ecumenical Temple
  1146 | Temple   | Became a worshipper of the Shining One
  1171 | D:7      | Reached skill level 8 in Axes
  1282 | D:8      | Noticed a two-headed ogre
  1301 | D:7      | 4thArraOfDagon: I'm not a legend period
  1301 | D:7      | 4thArraOfDagon: I'm just a massive grinder
  1315 | D:7      | p0werm0de: yeye me too
  1315 | D:7      | 4thArraOfDagon: stop spreading the gossips
  1322 | D:7      | Reached XP level 8. HP: 71/71 MP: 7/7
  1384 | D:7      | Found Hiwup's Weapon Shoppe.
  1394 | D:7      | p0werm0de: legend sounds cooler tho
  1400 | D:7      | Bought a +1 battleaxe of flaming for 187 gold pieces
  1400 | D:7      | p0werm0de: also who else would be legend cept you or yermak
  1402 | D:7      | p0werm0de: or sphara
  1443 | D:8      | p0werm0de: playin since 2k12 massive amount of games:P
  1545 | D:8      | Noticed a two-headed ogre
  1679 | D:9      | Reached * piety under the Shining One
  1683 | D:9      | Reached skill level 9 in Axes
  1731 | D:9      | Noticed a hippogriff
  1734 | D:9      | Killed a hippogriff
  1807 | D:9      | Found a sacrificial altar of Ru.
  1834 | D:9      | Found Usmechag's Magic Scroll Emporium.
  1837 | D:9      | Bought a scroll of magic mapping for 59 gold pieces
  1877 | D:9      | Reached skill level 1 in Invocations
  1878 | D:9      | Reached skill level 10 in Axes
  1919 | D:9      | Reached XP level 9. HP: 76/81 MP: 7/9
  1929 | D:9      | Reached skill level 11 in Axes
  1960 | D:9      | Reached ** piety under the Shining One
  2007 | D:9      | Found a glowing silver altar of Zin.
  2008 | D:9      | Found an opulent altar of Gozag.
  2138 | D:9      | Got an iridescent morningstar
  2238 | D:9      | Found a stormy altar of Qazlal.
  2254 | D:9      | Reached skill level 12 in Axes
  2365 | D:10     | Entered Level 10 of the Dungeon
  2445 | D:10     | Reached XP level 10. HP: 91/91 MP: 12/12
  2516 | D:11     | Noticed Nergalle
  2518 | D:11     | Noticed a centaur warrior
  2529 | D:11     | Killed a centaur warrior
  2529 | D:11     | Reached skill level 5 in Invocations
  2530 | D:11     | Killed Nergalle
  2530 | D:11     | Reached skill level 10 in Fighting
  2531 | D:11     | Reached skill level 13 in Axes
  2540 | D:11     | Noticed a cyclops
  2541 | D:11     | Killed a cyclops
  2589 | D:11     | Noticed a green ugly thing
  2597 | D:11     | Killed a green ugly thing
  2610 | D:11     | Found a labyrinth entrance.
  2625 | D:11     | Reached *** piety under the Shining One
  2648 | Lab      | Entered a labyrinth
  2659 | Lab      | Reached skill level 14 in Axes
  2659 | Lab      | Reached XP level 11. HP: 65/101 MP: 14/14
  2874 | Lab      | Noticed a minotaur
  2885 | Lab      | Killed a minotaur
  2895 | Lab      | Got a twitching lapis lazuli ring
  2896 | Lab      | Identified the ring of Touwn {Fire SInv} (You found it in a labyrinth)
  2917 | Lab      | Got a crude robe
  2970 | D:11     | Identified the +6 morningstar of Wyrd {crush, *Rage rC+ Str+4 Dex+6} (You found it on level 9 of the Dungeon)
  3087 | D:11     | Noticed a green ugly thing
  3145 | D:11     | Killed a purple ugly thing
  3166 | D:11     | Noticed a frost giant
  3172 | D:11     | Noticed a two-headed ogre
  3189 | D:11     | Killed a two-headed ogre
  3210 | D:11     | Noticed a white ugly thing
  3212 | D:11     | Noticed a green ugly thing
  3217 | D:11     | Killed a purple ugly thing
  3217 | D:11     | Reached skill level 15 in Axes
  3220 | D:11     | Killed a green ugly thing
  3260 | D:11     | Paralysed by a hornet for 1 turns
  3261 | D:11     | Slain by a hornet

Vault maps used:
D:1:      lightli_iron_boxes, kennysheep_small_spiral, hangedman_decor_growths
D:2:      nicolae_overflow_crystal_walls, elyvilon_altar_4
D:3:      first_ration, minmay_misc_feat_hallway, makhleb_blood_cavern_becter
D:4:      kennysheep_six_static_rooms, small_statue_intersection,
          minmay_small_thing
D:5:      kennysheep_mini_moat, vehumet_statue, serial_shops,
          nicolae_shop_crystal, trog_book
D:7:      minmay_temple_entry_statues_pillars, serial_shops,
          nicolae_shop_crystal
D:8:      lemuel_crystal_altar
D:9:      grunt_temple_overflow_gold_and_silver,
          nicolae_qazlal_eye_of_the_storm, old_standard_altar, serial_shops,
          nicolae_shop_behind_doors, blue_anna_alchemist, minmay_crystal_room,
          minmay_pinched_square
D:10:     lair_entry_dummy
D:11:     lab_entry_generic, st_stairs_12, stair_cage_cross, minmay_three_doors,
          uniq_nergalle
Temple:   cyrus_circular_temple
Lab:      labyrinth_spiral, lab_fountain, nicolae_lab_t_cross

Skill      XL: |  1  2  3  4  5  6  7  8  9 10 11 |
---------------+----------------------------------+-----
Axes           | 3 4 5 6 8 10 12 14 15 | 15.1
Fighting       | 4 5 6 8 9 10 11 | 11.5
Armour         | 4 5 6 7 |  7.3
Invocations    | 2 4 6 7 |  7.5
Shields        | |  3.6

Action                   |  1- 3 |  4- 6 |  7- 9 | 10-12 || total
-------------------------+-------+-------+-------+-------++-------
Melee: War axe           |    42 |    42 |    27 |       ||   111
       Headbutt          |     9 |     7 |    29 |    20 ||    65
       Battleaxe         |       |       |   109 |    93 ||   202
Invok: Divine Shield     |       |       |       |     1 ||     1
Evoke: Wand              |       |     4 |     7 |     5 ||    16
       Lamp of fire      |       |       |       |     1 ||     1
       Phantom mirror    |       |       |       |     1 ||     1
  Use: Potion            |     1 |       |       |     6 ||     7
       Scroll            |       |       |    10 |     3 ||    13
 Stab: Paralysed         |       |     8 |     4 |       ||    12
  Eat: Chunk             |       |       |     7 |     3 ||    10
       Ration            |       |       |       |     1 ||     1
Armor: Plate armour      |    47 |    19 |    75 |    41 ||   182
       Troll leather arm |       |       |       |    11 ||    11
Dodge: Dodged            |    19 |     8 |    30 |    38 ||    95
Block: Other             |       |       |       |     7 ||     7

Table legend:
 A = Spawn XP
 B = Non-spawn XP
 C = Spawn XP percentage of total XP
 D = Spawn monster count
 E = Non-spawn monster count
 F = Spawn count percentage of total count
 G = Total turns spent on level
                    A         B        C        D         E        F      G
               +---------+---------+-------+---------+---------+-------+---------
         Total |       0 |   17290 |   0.0 |       0 |     154 |   0.0 |  3261
               +---------+---------+-------+---------+---------+-------+---------
           D:1 |       0 |       7 |   0.0 |       0 |       3 |   0.0 |    59
           D:2 |       0 |       5 |   0.0 |       0 |       3 |   0.0 |    41
           D:3 |       0 |      40 |   0.0 |       0 |      11 |   0.0 |   178
           D:4 |       0 |     379 |   0.0 |       0 |      12 |   0.0 |   363
           D:5 |       0 |     306 |   0.0 |       0 |       8 |   0.0 |   189
           D:6 |       0 |     262 |   0.0 |       0 |       4 |   0.0 |   235
           D:7 |       0 |     527 |   0.0 |       0 |      11 |   0.0 |   269
           D:8 |       0 |     258 |   0.0 |       0 |       9 |   0.0 |   314
           D:9 |       0 |    3514 |   0.0 |       0 |      40 |   0.0 |   690
          D:10 |       0 |     248 |   0.0 |       0 |       4 |   0.0 |   167
          D:11 |       0 |   10380 |   0.0 |       0 |      46 |   0.0 |   456
           Lab |       0 |    1364 |   0.0 |       0 |       3 |   0.0 |   271
               +---------+---------+-------+---------+---------+-------+---------
